 Dungeon Crawl Stone Soup version 0.14-a0-2785-gb4497b5 (webtiles) character file.

323025 Laan the Demon Slayer (level 20, 0/191 (193) HPs)
             Began as a Lava Orc Fighter on Feb 24, 2014.
             Was a High Priest of the Shining One.
             Slain by a deep troll earth mage (10 damage)
             ... led by an ironheart preserver
             ... on Level 5 of the Vaults.
             The game lasted 03:17:30 (47745 turns).

Laan the Demon Slayer (Lava Orc Fighter)           Turns: 47745, Time: 03:17:32

HP   0/191 (193) AC 30     Str 34      XL: 20   Next: 60%
MP  31/38        EV  8     Int  8      God: the Shining One [*****.]
Gold 3455        SH 50     Dex 13      Spells:  0 memorised, 19 levels left

rFire  + + +     SeeInvis .     n - +6,+7 Blessed Scourge
rCold  + + .     Clarity  .     L - +3 chain mail of the Wilderness {rC++ Acc-2}
rNeg   + + .     Conserve .     O - +0 dwarf large shield
rPois  +         rCorr    .     A - +2 helmet of Temperance {rF++}
rElec  .         rRot     .     b - +0 cloak
SustAb . .       Spirit   .     H - +1 pair of gloves of the Bulwark {rC+ Str+2 Acc+6}
rMut   .         Warding  .     u - +2 pair of boots {run}
Gourm  +         Stasis   .     U - amulet of the gourmand
MR     +....                    Z - ring "Riym Gre" {+cTele Str+4}
                                X - +3 ring of dexterity

@: glowing, quick, somewhat resistant to hostile enchantments, extremely
unstealthy
A: conserve scrolls, fast metabolism 1, poison resistance, saprovore 1
a: Divine Shield, Cleansing Flame, Summon Divine Warrior, Renounce Religion,
Evoke Teleport Control
}: 2/15 runes: silver, gossamer


You were on level 5 of the Vaults.
You worshipped the Shining One.
The Shining One was extremely pleased with you.
You were very full.

You visited 6 branches of the dungeon, and saw 37 of its levels.
You visited the Abyss 2 times.
You also visited: Labyrinth, Ice Cave and Volcano.

You collected 3819 gold pieces.
You spent 364 gold pieces at shops.

Inventory:

Hand weapons
 n - a +6,+7 Blessed Scourge (weapon)
 E - the +8,+9 whip of Ulofiulo {slash, SInv}
   (You found it on level 3 of the Vaults)

   It inflicts extra damage upon your enemies.
   It enhances your eyesight.
Missiles
 K - 12 javelins (quivered)
Armour
 b - a +0 cloak (worn)
 u - a +2 pair of boots of running (worn)
 A - the +2 helmet of Temperance (worn) {rF++}
   (You found it on level 5 of the Vaults)

   It greatly protects you from fire.
 H - the +1 pair of gloves of the Bulwark (worn) {rC+ Str+2 Acc+6}
   (You found it in a labyrinth)

   It affects your strength (+2).
   It affects your accuracy with ranged weapons and melee attacks (+6).
   It protects you from cold.
 L - the +3 chain mail of the Wilderness (worn) {rC++ Acc-2}
   (You found it on level 5 of the Lair of Beasts)

   It affects your accuracy with ranged weapons and melee attacks (-2).
   It greatly protects you from cold.
 O - a +0 dwarven large shield (worn)
Magical devices
 h - a wand of fireball (2)
 x - a wand of cold (1)
 B - a wand of enslavement (15)
 M - a wand of fireball (0)
 N - a wand of disintegration (14)
 Q - a wand of teleportation (1)
Comestibles
 d - 9 meat rations
 j - 17 bread rations
 J - a choko
 V - 2 royal jellies
 W - an apple
 Y - a rotting chunk of troll flesh
Scrolls
 a - a scroll of silence
 c - 2 scrolls of brand weapon
 e - 13 scrolls of identify
 i - 2 scrolls of summoning
 l - a scroll of recharging
 p - 12 scrolls of teleportation
 t - 6 scrolls of amnesia
 y - 6 scrolls of fog
 z - a scroll of holy word
 C - 2 scrolls of enchant armour
 G - 15 scrolls of remove curse
 P - 6 scrolls of magic mapping
 T - 8 scrolls of blinking
Jewellery
 m - an uncursed ring of protection from fire
 o - an uncursed ring of teleport control
 r - an uncursed ring of protection from cold
 s - an uncursed ring of flight
 v - an uncursed ring of sustain abilities
 w - an uncursed ring of ice
 R - an uncursed amulet of faith
 U - an amulet of the gourmand (around neck)
 X - a +3 ring of dexterity (left hand)
 Z - the ring "Riym Gre" (right hand) {+cTele Str+4}
   (You took it off an orc on level 5 of the Vaults)

   [ring of teleport control]

   It affects your strength (+4).
Potions
 f - a potion of berserk rage
 q - 2 potions of curing
 D - a potion of magic
 F - 3 potions of restore abilities
 S - a potion of resistance


   Skills:
 + Level 19.9 Fighting
 + Level 17.2 Maces & Flails
 + Level 18.8 Armour
 + Level 18.5 Shields
 + Level 20.1 Invocations


You had 19 spell levels left.
You didn't know any spells.

Dungeon Overview and Level Annotations

Branches:
Dungeon (14/16)            Temple (1/1) D:5             Orc (4/4) D:9
    Elf (0/3) Orc:3          Lair (8/8) D:11         Shoals (0/5) Lair:3
 Spider (5/5) Lair:4        Slime (0/6) Lair:8       Vaults (5/5) D:14
  Blade (0/1) Vaults:4      Crypt (0/5) Vaults:3

Altars:
Ashenzari
Cheibriados
Dithmenos
Elyvilon
Fedhas
Kikubaaqudgha
Makhleb
Nemelex Xobeh
Okawaru
Sif Muna
Trog
Vehumet
Xom
Yredelemnul
Zin
The Shining One
Beogh

Shops:
D:4 [   D:6 [   D:8 ?   Orc:1 ?(*[[   Orc:2 (   Orc:4 !(}:

Portals:
Trove: D:10 (give +3 gold dragon armour)

Annotations:
Vaults:1 exclusion: orange crystal statue


Innate Abilities, Weirdness & Mutations

You have stony skin.
Your flesh is almost immune to the effects of heat.
Your fire spells are more powerful.
Your flesh is vulnerable to cold.
Your heat harms attackers.
You bathe your surroundings in blazing heat.
You are too hot to use scrolls.
You are very good at protecting items from fire.
You can tolerate rotten meat.
You have a fast metabolism.
Your system is resistant to poisons.


Message History

Read which item? (? for menu, Esc to quit)
Okay, then.
Drink which item? (? for menu, Esc to quit)
You feel much better. You block the deep troll's attack.
You block the deep troll's attack.
The deep troll claws you but does no damage.
The deep troll is singed by your heat.
The deep troll is lightly wounded.
The deep troll is burned by your radiant heat.
The deep troll is almost dead.
The deep troll bites you!
* * * LOW HITPOINT WARNING * * *
The deep troll is singed by your heat.
The deep troll is almost dead.
You block the deep troll's attack. The deep troll claws you!
* * * LOW HITPOINT WARNING * * *
The deep troll is singed by your heat.
The deep troll is almost dead.
The stone giant barely misses you. The deep troll earth mage bites you!
You die...

. .... ..... #'
...... #.# .......
.#..## *......
#..#...###HC.....
#..#..TT@#'.....C.
#..#...CTT'# .
#..#....TA.### ..
#..#.........## ..
#..#..(.......# ..
#..#...........#
...
#...[[.:........'
...
#...)###########
####
#..(...........
....


You could see a stone giant, 3 deep trolls, 2 deep troll earth magi and a
friendly daeva.

Vanquished Creatures
  Norris (D:14)
  A profane servitor (Abyss:1)
  A lich (Abyss:1)
  A tentacled monstrosity (Abyss:1)
  Asterion (Spider:3)
  A quicksilver dragon (Vaults:5)
  A sphinx (Vaults:2)
  3 acid blobs (Lair:8)
  A storm dragon (Vaults:4)
  5 tentacled starspawn (Abyss:1)
  Rupert (Lair:7)
  Agnes (Vaults:3)
  Kirke (Spider:2)
  2 shadow dragons
  A spectral weapon (Spider:3)
  4 tengu reavers
  A frost giant (Vaults:3)
  2 fire giants (Vaults:4)
  Maud (Lair:4)
  8 vault wardens
  4 ghost moths (Spider:5)
  5 emperor scorpions (Spider:5)
  Gastronok (Orc:4)
  16 stone giants
  A deep elf annihilator (Vaults:4)
  A grey draconian (Abyss:1)
  Azrael (Vaults:1)
  An unborn (Vaults:3)
  A green death (Abyss:1)
  5 fire dragons
  2 ettins
  27 vault guards
  2 great orbs of eyes
  A minotaur (Lab)
  11 yaktaur captains
  12 ironheart preservers
  Fannar (Lair:8)
  Josephine (Orc:4)
  2 ice dragons
  Nessos (Orc:4)
  11 hydras
  6 deep troll earth magi
  Erica (Orc:4)
  A deep dwarf death knight (Vaults:3)
  8 ogre magi
  4 death yaks (Lair:8)
  5 very ugly things
  A dancing weapon (Vaults:4)
  A sun demon (Abyss:1)
  5 orc high priests (Orc:4)
  A thrashing horror (Abyss:1)
  Urug (D:12)
  A rakshasa (Abyss:1)
  A fire crab (shapeshifter) (Abyss:1)
  17 centaur warriors
  4 deep troll shamans
  Nergalle (Lair:7)
  3 fire crabs
  3 skeletal warriors (Vaults:1)
  An iron troll (Vaults:4)
  A catoblepas (Lair:8)
  5 wretched stars (Abyss:1)
  2 deep elf knights
  A shadow wraith (Vaults:3)
  An ice devil (Abyss:1)
  2 spatial maelstroms (Abyss:1)
  9 deep trolls
  A giant orange brain (Abyss:1)
  4 unseen horrors
  5 ironbrand convokers
  18 orc knights
  2 flayed ghosts (Vaults:3)
  18 large abominations (Abyss:1)
  3 ice statues (IceCv)
  16 orb spiders
  4 harpies
  2 orc sorcerers
  4 hill giants
  3 flaming corpses (Abyss:1)
  Joseph (D:9)
  3 giant amoebae (Vaults:1)
  3 human zombies (Vaults:2)
  A hellion (Abyss:1)
  25 wolf spiders
  3 griffons
  5 black mambas
  A worldbinder (Abyss:1)
  8 elephants
  5 cyclopes
  5 red wasps
  A moth of wrath (Spider:4)
  2 apocalypse crabs (Abyss:1)
  Maurice (Orc:2)
  A sixfirhy (Abyss:1)
  An elephant (shapeshifter) (Vaults:3)
  A feature mimic (D:10)
  7 vault sentinels
  2 moths of wrath (shapeshifter)
  3 smoke demons (Abyss:1)
  4 orange demons (Abyss:1)
  Psyche (D:9)
  An efreet (Abyss:1)
  A mermaid (shapeshifter) (Vaults:5)
  9 spiny frogs
  A merfolk (shapeshifter) (Vaults:4)
  A hellwing (Vaults:1)
  2 fire drakes
  4 ancient zymes (Abyss:1)
  16 yaktaurs
  2 centaur zombies
  An iron devil (Abyss:1)
  2 komodo dragons (shapeshifter)
  6 trolls
  24 jumping spiders
  13 demonic crawlers
  4 freezing wraiths
  5 raiju (Abyss:1)
  A polar bear (Lair:5)
  A centaur skeleton (D:9)
  2 baby alligators (shapeshifter)
  5 komodo dragons
  22 slime creatures
  2 fire vortices (Volcano)
  A wind drake (shapeshifter) (Vaults:4)
  18 two-headed ogres
  12 blink frogs
  2 basilisks
  9 boulder beetles
  An ugly thing zombie (Vaults:2)
  4 vampires
  20 sharks
  3 formicids
  A shadow (D:12)
  58 ugly things
  A wraith (D:11)
  17 trapdoor spiders
  5 hippogriffs
  50 redbacks
  3 fire elementals
  16 humans
  32 yaks
  17 tarantellas
  3 elephant slugs
  5 hogs (Spider:2)
  4 ynoxinuls (Abyss:1)
  A black mamba skeleton (Abyss:1)
  Eustachio (Orc:2)
  4 wyverns
  A water elemental (D:12)
  A hill giant zombie (D:7)
  3 hungry ghosts
  Grum (D:9)
  4 molten gargoyles (Volcano)
  A steam dragon (Lair:6)
  2 chaos spawn (Abyss:1)
  5 neqoxecs (Abyss:1)
  3 ogre zombies
  7 vampire mosquitoes
  A soldier ant (D:14)
  5 hell hounds (Vaults:1)
  A gargoyle (Vaults:2)
  2 necrophages
  13 wolves
  7 porcupines
  4 black bears
  54 orc warriors
  2 mottled dragons (Lair:6)
  4 phantoms
  11 small abominations (Abyss:1)
  A deep dwarf (D:5)
  A manticore zombie (D:14)
  A swamp drake (Lair:6)
  27 ice beasts
  6 sky beasts
  30 ogres
  A boring beetle (Lair:8)
  A boring beetle (shapeshifter) (Vaults:5)
  9 giant goldfish
  6 yellow wasps
  16 centaurs
  5 wargs
  12 crocodiles
  11 giant slugs
  2 brain worms
  13 giant frogs
  A giant slug (shapeshifter) (Vaults:4)
  A big kobold (D:12)
  Blork the orc (D:9)
  A water moccasin (shapeshifter) (Vaults:5)
  10 water moccasins
  A gnoll sergeant (D:8)
  6 agate snails
  2 cyclops zombies
  24 killer bees
  An eye of draining (Abyss:1)
  2 human simulacra
  A troll zombie (Orc:4)
  9 wights
  An orc simulacrum (Vaults:1)
  A yak skeleton (D:14)
  12 electric eels
  2 quasits
  A goliath beetle (D:10)
  A pulsating lump (shapeshifter) (Vaults:1)
  A giant frog zombie (D:8)
  5 crimson imps
  44 orc priests
  27 spiders
  10 scorpions
  9 hounds
  10 big fish
  36 orc wizards
  A two-headed ogre skeleton (D:11)
  An iron imp (Abyss:1)
  11 worker ants
  7 iguanas
  6 sheep (Lair:5)
  Ijyb (D:5)
  Jessica (D:3)
  An ogre skeleton (D:3)
  A mummy (D:12)
  21 adders
  11 gnolls
  44 green rats
  2 giant centipedes
  A giant mite (D:6)
  A white imp (Abyss:1)
  A goliath beetle zombie (D:5)
  7 worms
  5 ufetubi (Abyss:1)
  An adder zombie (D:9)
  An orc skeleton (D:10)
  3 giant eyeballs
  9 giant geckos
  An ooze (D:7)
  194 orcs
  A ball python (D:1)
  26 bats
  16 giant cockroaches
  23 hobgoblins
  19 quokkas
  7 giant newts
  A giant newt skeleton (D:4)
  A giant spore (D:7)
  17 goblins
  A goblin skeleton (D:4)
  14 jackals
  17 kobolds
  A kobold skeleton (D:4)
  5 orc zombies
  A quokka skeleton (D:8)
  14 rats
  4 spectral orcs (Lair:7)
  A fungus (Lair:3)
  A starspawn tentacle (Abyss:1)
1804 creatures vanquished.

Vanquished Creatures (collateral kills)
  A bone dragon (Abyss:1)
  Arachne (Spider:2)
  A lich (Vaults:4)
  A vault warden (Vaults:5)
  Jorgrun (Vaults:1)
  2 vault guards (Vaults:4)
  3 yaktaur captains (Vaults:4)
  A deep troll (Vaults:5)
  2 vault sentinels (Vaults:4)
  5 yaktaurs
  A wandering mushroom (Abyss:1)
  A redback (Spider:2)
  7 ugly things (Vaults:1)
  A sky beast (shapeshifter) (Vaults:1)
28 creatures vanquished.

Vanquished Creatures (others)
  A tentacled starspawn (Abyss:1)
  An orb spider (Spider:5)
  A cyclops (Vaults:2)
  A vault sentinel (Vaults:2)
  A fire vortex (Volcano)
  An ugly thing (Vaults:2)
  A redback (Spider:5)
  A hungry ghost (D:11)
  A small abomination (Abyss:1)
  An ogre (Vaults:5)
  A jelly (D:11)
  5 fungi
  3 plants
  7 starspawn tentacles (Abyss:1)
26 creatures vanquished.

Grand Total: 1858 creatures vanquished

Notes
Turn   | Place    | Note
--------------------------------------------------------------
     0 | D:1      | Laan, the Lava Orc Fighter, began the quest for the Orb.
     0 | D:1      | Reached XP level 1. HP: 19/19 MP: 1/1
   161 | D:1      | Reached XP level 2. HP: 25/27 MP: 2/2
   640 | D:1      | Reached XP level 3. HP: 33/33 MP: 3/3
   989 | D:2      | Reached skill level 4 in Fighting
  1198 | D:2      | Reached XP level 4. HP: 29/40 MP: 4/4
  2333 | D:3      | Reached XP level 5. HP: 28/47 MP: 5/5
  2626 | D:3      | Reached skill level 5 in Fighting
  2746 | D:3      | Noticed Jessica
  2764 | D:3      | Killed Jessica
  2764 | D:3      | Reached XP level 6. HP: 49/56 MP: 6/6
  3345 | D:4      | Reached skill level 5 in Maces & Flails
  3530 | D:4      | Found Xoezim's Antique Armour Boutique.
  3590 | D:5      | Entered Level 5 of the Dungeon
  3681 | D:5      | Noticed Ijyb
  3703 | D:5      | Killed Ijyb
  3793 | D:5      | Noticed a two-headed ogre
  3794 | D:5      | a two-headed ogre changed into a deep dwarf
  3818 | D:5      | Reached skill level 5 in Armour
  3818 | D:5      | Reached XP level 7. HP: 51/61 MP: 7/7
  3835 | D:5      | Found a staircase to the Ecumenical Temple.
  3843 | Temple   | Entered the Ecumenical Temple
  4170 | Temple   | Became a worshipper of the Shining One
  4416 | D:5      | Reached skill level 5 in Shields
  4648 | D:5      | Reached skill level 6 in Maces & Flails
  4924 | D:6      | Paralysed by a giant eyeball for 4 turns
  5294 | D:6      | Reached XP level 8. HP: 54/70 MP: 8/8
  5546 | D:6      | Reached skill level 7 in Maces & Flails
  5597 | D:6      | Found Woniant's Armour Boutique.
  5608 | D:6      | Bought a +0 pair of boots of running for 127 gold pieces
  6014 | D:7      | Reached skill level 8 in Maces & Flails
  6213 | D:7      | Acquired the Shining One's first power
  6438 | D:7      | Reached XP level 9. HP: 62/79 MP: 9/9
  6450 | D:8      | Found Hatriang's Magic Scroll Shoppe.
  6451 | D:8      | Found a radiant altar of Vehumet.
  6464 | D:8      | Bought a scroll of random uselessness for 16 gold pieces
  6611 | D:8      | Reached skill level 9 in Maces & Flails
  6647 | D:8      | Found a shadowy altar of Dithmenos.
  6668 | D:8      | Found a shimmering altar of Xom.
  6670 | D:8      | Found a shattered altar of Ashenzari.
  6673 | D:8      | Found a burning altar of Makhleb.
  6679 | D:8      | Found an iron altar of Okawaru.
  6679 | D:8      | Found a deep blue altar of Sif Muna.
  6680 | D:8      | Found a glowing silver altar of Zin.
  6681 | D:8      | Found a sparkling altar of Nemelex Xobeh.
  6937 | D:8      | Found a shimmering altar of Xom.
  6938 | D:8      | Found a shimmering altar of Xom.
  6938 | D:8      | Found a shimmering altar of Xom.
  6938 | D:8      | Noticed a mermaid
  6939 | D:8      | Noticed a yaktaur
  6940 | D:8      | Found a shimmering altar of Xom.
  6940 | D:8      | Found a shimmering altar of Xom.
  7006 | D:9      | Reached skill level 10 in Maces & Flails
  7024 | D:9      | Noticed Psyche
  7035 | D:9      | Killed Psyche
  7035 | D:9      | Reached XP level 10. HP: 90/90 MP: 10/10
  7112 | D:9      | Noticed Blork the orc
  7126 | D:9      | Killed Blork the orc
  7171 | D:9      | Noticed Grum
  7202 | D:9      | Killed Grum
  7632 | D:9      | Acquired the Shining One's second power
  7651 | D:9      | Reached skill level 11 in Maces & Flails
  7685 | D:9      | Found a staircase to the Orcish Mines.
  7754 | D:9      | Noticed Joseph
  7772 | D:9      | Killed Joseph
  7831 | D:9      | HP: 4/92 [orc priest/divine providence (13)]
  8070 | D:10     | Entered Level 10 of the Dungeon
  8148 | D:10     | Noticed a hill giant
  8160 | D:10     | Killed a hill giant
  8160 | D:10     | Reached skill level 10 in Fighting
  8231 | D:10     | Reached XP level 11. HP: 76/99 MP: 11/11
  8326 | D:10     | Found a portal to a secret trove of treasure.
  8749 | D:10     | Noticed an unseen horror
  9032 | D:11     | Reached skill level 12 in Maces & Flails
  9320 | D:11     | Found a staircase to the Lair.
  9330 | D:11     | Found a glowing silver altar of Zin.
  9761 | D:11     | Paralysed by a giant eyeball for 3 turns
 10123 | Lair:1   | Entered Level 1 of the Lair of Beasts
 10297 | Lair:1   | Reached skill level 10 in Armour
 10452 | Lair:1   | Noticed a six-headed hydra
 10461 | Lair:1   | Killed a six-headed hydra
 10461 | Lair:1   | Reached skill level 10 in Shields
 10596 | Lair:1   | Reached skill level 13 in Maces & Flails
 11104 | Lair:2   | Noticed a seven-headed hydra
 11116 | Lair:2   | Killed a seven-headed hydra
 11328 | Lair:2   | Reached XP level 12. HP: 79/110 MP: 12/12
 12454 | Lair:3   | Found a staircase to the Shoals.
 12473 | Lair:3   | Reached skill level 14 in Maces & Flails
 12791 | Lair:3   | Noticed a four-headed hydra
 12802 | Lair:3   | Killed a four-headed hydra
 12998 | Lair:4   | Acquired the Shining One's third power
 13034 | Lair:4   | Found a hole to the Spider Nest.
 13179 | Lair:4   | Found a labyrinth entrance.
 13188 | Lab      | Entered a labyrinth
 13545 | Lab      | Noticed a minotaur
 13555 | Lab      | Killed a minotaur
 13560 | Lab      | Got a pair of faintly glowing gloves
 13560 | Lab      | Got a twisted scale mail
 13562 | Lab      | Identified the +1 pair of gloves of the Bulwark {rC+ Str+2 Acc+6} (You found it in a labyrinth)
 13567 | Lab      | Identified the +1 scale mail of Dim Light {Dex+2 Int+3} (You found it in a labyrinth)
 14324 | Lair:4   | Noticed Maud
 14344 | Lair:4   | Killed Maud
 14348 | Lair:4   | Got a steaming copper ring
 14349 | Lair:4   | Identified the ring "Wyapt" {+Rage rF- Dex+4} (You found it on level 4 of the Lair of Beasts)
 14626 | Lair:5   | Got a warped chain mail
 14633 | Lair:5   | Identified the +3 chain mail of the Wilderness {rC++ Acc-2} (You found it on level 5 of the Lair of Beasts)
 15035 | Lair:5   | Found a burning altar of Makhleb.
 15151 | Lair:5   | Reached XP level 13. HP: 111/118 MP: 13/13
 15337 | Lair:6   | Gained mutation: Your system is resistant to poisons. [potion of beneficial mutation]
 15739 | Lair:6   | Reached skill level 15 in Maces & Flails
 15947 | Lair:7   | Noticed Nergalle
 15977 | Lair:7   | Killed Nergalle
 16267 | Lair:7   | Noticed Rupert
 16297 | Lair:7   | Killed Rupert
 16779 | Lair:8   | Entered Level 8 of the Lair of Beasts
 16956 | Lair:8   | Noticed Fannar
 16972 | Lair:8   | Killed Fannar
 17057 | Lair:8   | Found a dark tunnel.
 17086 | Volcano  | Entered a volcano
 18009 | Lair:8   | Found a staircase to the Slime Pits.
 18009 | Lair:8   | Noticed an acid blob
 18009 | Lair:8   | Noticed an acid blob
 18009 | Lair:8   | Noticed an acid blob
 18021 | Lair:8   | Killed an acid blob
 18021 | Lair:8   | Reached skill level 16 in Maces & Flails
 18024 | Lair:8   | HP: 6/122 [acid blob/splash of acid (16)]
 18374 | Lair:8   | Acquired the Shining One's fourth power
 18381 | Lair:8   | Killed an acid blob
 18605 | Lair:8   | Killed an acid blob
 18605 | Lair:8   | Reached XP level 14. HP: 59/129 MP: 14/14
 20919 | D:12     | Noticed Urug
 20933 | D:12     | Killed Urug
 21572 | D:13     | Paralysed by a giant eyeball for 3 turns
 21760 | D:14     | Found a gate to the Vaults.
 21760 | D:14     | Noticed Norris
 22316 | D:14     | Killed Norris
 23236 | Orc:1    | Entered Level 1 of the Orcish Mines
 23282 | Orc:1    | Found Mittua's Antique Armour Shoppe.
 23305 | Orc:1    | Found a frozen archway.
 23313 | Orc:1    | Reached XP level 15. HP: 130/137 MP: 15/15
 23324 | Orc:1    | Bought a shiny helmet for 67 gold pieces
 23371 | IceCv    | Entered an ice cave
 23563 | Orc:1    | Found Crimp's General Store.
 23576 | Orc:1    | Bought a scroll of remove curse for 30 gold pieces
 23576 | Orc:1    | Bought a scroll of identify for 20 gold pieces
 23584 | Orc:1    | Found Smuofomm's Armour Emporium.
 23898 | Orc:1    | Found Ysas' Weapon Shop.
 23899 | Orc:1    | Found Bliow's Magic Scroll Boutique.
 24203 | Orc:2    | Noticed Maurice
 24230 | Orc:2    | Killed Maurice
 24326 | Orc:2    | Found Emoom's Weapon Shop.
 24400 | Orc:2    | Found a roughly hewn altar of Beogh.
 24405 | Orc:2    | Noticed Eustachio
 24411 | Orc:2    | Killed Eustachio
 24710 | Orc:3    | Reached skill level 15 in Fighting
 24745 | Orc:3    | Found a staircase to the Elven Halls.
 25023 | Orc:4    | Entered Level 4 of the Orcish Mines
 25027 | Orc:4    | Noticed Erica
 25039 | Orc:4    | Killed Erica
 25280 | Orc:4    | Noticed Nessos
 25319 | Orc:4    | Killed Nessos
 26021 | Temple   | Identified a +5,+5 Blessed Scourge (a +5,+3 demon whip of flaming blessed by the Shining One)
 26905 | Orc:4    | Reached skill level 1 in Invocations
 27894 | Orc:4    | Noticed Josephine
 27915 | Orc:4    | Killed Josephine
 27926 | Orc:4    | Noticed Gastronok
 27940 | Orc:4    | Killed Gastronok
 27969 | Orc:4    | Found Rahamec's Antique Weapon Shoppe.
 27970 | Orc:4    | Found Mumniost's Book Shoppe.
 27970 | Orc:4    | Found Magim's Distillery.
 27971 | Orc:4    | Found Assuthru's Gadget Emporium.
 27988 | Orc:4    | Bought a potion of heal wounds for 39 gold pieces
 27988 | Orc:4    | Bought a potion of curing for 26 gold pieces
 27988 | Orc:4    | Bought a potion of heal wounds for 39 gold pieces
 28201 | Spider:1 | Entered Level 1 of the Spider Nest
 28975 | Spider:2 | Noticed Kirke
 28993 | Spider:2 | Killed Kirke
 28993 | Spider:2 | Reached skill level 5 in Invocations
 29278 | Spider:2 | Noticed Arachne
 29334 | Spider:2 | Killed Arachne
 30018 | Spider:3 | Noticed Asterion
 30021 | Spider:3 | Noticed a spectral weapon
 30026 | Spider:3 | Reached skill level 15 in Armour
 30041 | Spider:3 | Killed a spectral weapon
 30053 | Spider:3 | Killed Asterion
 30549 | Spider:3 | Reached XP level 16. HP: 132/149 MP: 26/26
 30556 | Spider:3 | Reached skill level 15 in Shields
 31841 | Spider:5 | Entered Level 5 of the Spider Nest
 32536 | Spider:5 | Reached skill level 10 in Invocations
 33222 | Spider:5 | Got a gossamer rune of Zot
 34034 | Vaults:1 | Entered Level 1 of the Vaults
 34075 | Vaults:1 | Reached XP level 17. HP: 143/158 MP: 31/31
 34131 | Vaults:1 | Reached skill level 17 in Fighting
 34135 | Vaults:1 | Identified the Almanac of Hexes and the Rocks
 34485 | Vaults:1 | Noticed Jorgrun
 34499 | Vaults:1 | Killed Jorgrun
 35129 | Vaults:1 | Paralysed by an ogre mage for 7 turns
 35366 | Vaults:1 | Noticed Azrael
 35382 | Vaults:1 | Cast into the Abyss (ogre mage)
 35525 | Abyss:1  | Found a basalt altar of Yredelemnul.
 35665 | Abyss:1  | Noticed a profane servitor
 35677 | Abyss:1  | Killed a profane servitor
 36110 | Abyss:1  | Found a corrupted altar of Lugonu.
 36484 | Abyss:1  | Gained mutation: You have a fast metabolism. [a neqoxec]
 36555 | Abyss:1  | Noticed a bone dragon
 36589 | Abyss:1  | Killed a bone dragon
 36728 | Abyss:1  | Reached skill level 15 in Invocations
 36747 | Abyss:1  | Reached XP level 18. HP: 133/169 MP: 34/34
 36807 | Abyss:1  | Found a corrupted altar of Lugonu.
 36877 | Abyss:1  | Found a corrupted altar of Lugonu.
 36894 | Abyss:1  | Noticed a lich
 36903 | Abyss:1  | Killed a lich
 36903 | Abyss:1  | Reached skill level 18 in Fighting
 36917 | Abyss:1  | Found a corrupted altar of Lugonu.
 37271 | Vaults:1 | Escaped the Abyss
 37290 | Vaults:1 | Killed Azrael
 38411 | Vaults:2 | Paralysed by a sphinx for 7 turns
 38600 | Vaults:2 | Paralysed by an ogre mage for 6 turns
 39510 | Vaults:3 | Noticed Agnes
 39525 | Vaults:3 | Killed Agnes
 39939 | Vaults:3 | Reached XP level 19. HP: 165/179 MP: 36/36
 40153 | Vaults:3 | The Shining One protects you from harm!
 41236 | Vaults:3 | Got a jewelled whip
 41327 | Vaults:3 | Found a staircase to the Crypt.
 41599 | Vaults:4 | Reached skill level 19 in Fighting
 42179 | Vaults:4 | Found a staircase to the Hall of Blades.
 43760 | Vaults:5 | Entered Level 5 of the Vaults
 44917 | Vaults:5 | Reached XP level 20. HP: 107/189 MP: 38/38
 46265 | Vaults:5 | Reached skill level 20 in Invocations
 47232 | Vaults:5 | Cast into the Abyss (ogre mage)
 47281 | Vaults:5 | Escaped the Abyss
 47629 | Vaults:5 | Got a fine pewter ring
 47633 | Vaults:5 | Got a silver rune of Zot
 47642 | Vaults:5 | Identified the ring "Riym Gre" {+cTele Str+4} (You took it off an orc on level 5 of the Vaults)
 47642 | Vaults:5 | Identified the +8,+9 whip of Ulofiulo {slash, SInv} (You found it on level 3 of the Vaults)
 47649 | Vaults:5 | Got a pitted helmet
 47650 | Vaults:5 | Identified the +2 helmet of Temperance {rF++} (You found it on level 5 of the Vaults)
 47744 | Vaults:5 | HP: 3/191 [stone giant (25)]
 47745 | Vaults:5 | Slain by a deep troll earth mage

Action                   |  1- 3 |  4- 6 |  7- 9 | 10-12 | 13-15 | 16-18 | 19-21 || total
-------------------------+-------+-------+-------+-------+-------+-------+-------++-------
Melee: Mace              |   141 |   264 |    66 |       |     8 |       |       ||   479
       Flail             |       |    89 |   341 |  1103 |  1541 |       |       ||  3074
       Sacred scourge    |       |       |       |       |   581 |  1988 |  1158 ||  3727
Throw: Dart              |       |       |     1 |       |       |       |       ||     1
Invok: Summon Divine War |       |       |       |       |     1 |     3 |     5 ||     9
       Divine Shield     |       |       |       |       |       |     2 |       ||     2
 Abil: Evoke Berserk Rag |       |       |       |       |     1 |       |       ||     1
Evoke: Wand              |       |     3 |     3 |     9 |     8 |    10 |     5 ||    38
  Use: Scroll            |       |       |     3 |    22 |    20 |     5 |     3 ||    53
       Potion            |       |       |     2 |     7 |    11 |     8 |     5 ||    33
 Stab: Held in net/web   |       |       |       |       |     1 |       |       ||     1
       Distracted        |       |       |       |       |       |     1 |       ||     1
